 Dungeon Sprint DCSS version 0.29-a0-872-g797fff5ad1 (webtiles) character file.

Game seed: 16383888757883449084

310919 mhtbhm the Conqueror (level 19, -10/135 HPs)
             Began as a Gargoyle Fighter on July 18, 2022.
             Was the Champion of Okawaru.
             Mangled by an Orb Guardian (36 damage)
             ... in the Dungeon (Sprint IX: "|||||||||||||||||||||||||||||").
             The game lasted 00:22:03 (11661 turns).

mhtbhm the Conqueror (Gargoyle Fighter)            Turns: 11661, Time: 00:22:03

Health: -10/135    AC: 64    Str: 26    XL:     19   Next: 73%
Magic:  36/36      EV:  9    Int: 11    God:    Okawaru [******]
Gold:   410        SH: 13    Dex:  9    Spells: 18/18 levels left

rFire   + . .      SeeInvis .   a - +9 demon whip (vamp)
rCold   + . .      Faith    +   v - +3 warlock's mirror {reflect}
rNeg    + + +      Spirit   .   b - +10 gold dragon scales
rPois   ∞          Reflect  +   m - +0 helmet
rElec   +          Harm     .   x - scarf {repulsion}
rCorr   .          Rampage  .   z - +3 pair of gauntlets of War {Slay+5}
Will    +....      NoTele   +   K - +0 pair of boots {Stlth+}
Stlth   ..........              q - amulet of faith
HPRegen 0.32/turn               C - ring of Gasmomp {rN++ Slay+3}
MPRegen 0.25/turn               p - +4 ring of protection

@: flying, repel missiles, unable to read
A: sickness immunity, AC +14, big wings, negative energy resistance 1,
electricity resistance, torment resistance 1, petrification resistance, frail 1,
inability to read while threatened 1
}: 5/17 runes: decaying, serpentine, barnacled, silver, gossamer
a: Renounce Religion, Heroism, Finesse


You were in the Dungeon.
You worshipped Okawaru.
Okawaru was exalted by your worship.
You visited 1 branch You collected 1971 gold pieces.
You spent 1561 gold pieces at shops.

Inventory:

Hand Weapons
 a - a +9 vampiric demon whip (weapon)
 l - a +2 morningstar of protection
 J - the +8 trishula "Condemnation" {holy, anguish, *Noise Fly rN+}
   (You found it in the Dungeon)

   It has been blessed by the Shining One to cause great damage to the undead
   and demons.
   It inflicts anguish, making its victims' attacks reflect back on them.
   rN:        It protects you from negative energy.
   Fly:       It grants you flight.
   *Noise:    It may make noises in combat.
Missiles
 g - a throwing net
 y - 2 silver boomerangs
 H - 3 silver javelins
 M - 4 javelins (quivered)
Armour
 b - +10 gold dragon scales (worn)
 c - a +0 buckler
 m - a +0 helmet (worn)
 v - the +3 warlock's mirror (worn) {reflect}
   (Okawaru gifted it to you in the Dungeon)

   It can block and reflect piercing ranged attacks and magical attacks against
   the wielder's willpower.
 x - a scarf of repulsion (worn)
 z - the +3 pair of gauntlets of War (worn) {Slay+5}
   (You bought it in a shop in the Dungeon)

   Slay:      It affects your accuracy & damage with ranged weapons and melee
   (+5).
 K - a +0 pair of boots of stealth (worn)
Jewellery
 p - a +4 ring of protection (right hand)
 q - an amulet of faith (around neck)
 u - the amulet of the Castellan {-Tele rC+ Will+ Regen+ Slay+3}
   (You found it in the Dungeon)

   [amulet of regeneration]

   Slay:      It affects your accuracy & damage with ranged weapons and melee
   (+3).
   rC:        It protects you from cold.
   -Tele:     It prevents most forms of teleportation.
   Regen:     It increases your rate of health regeneration.
   Will:      It increases your willpower.
 C - the ring of Gasmomp (left hand) {rN++ Slay+3}
   (You found it in the Dungeon)

   [ring of slaying]

   Slay:      It affects your accuracy & damage with ranged weapons and melee
   (+3).
   rN:        It greatly protects you from negative energy.
 D - the amulet "Lekloidi" {Drain rPois Regen+ Int+9}
   (You found it in the Dungeon)

   [amulet of regeneration]

   Int:       It affects your intelligence (+9).
   rPois:     It protects you from poison.
   Regen:     It increases your rate of health regeneration.
   Drain:     It drains your maximum health when unequipped.
 E - the amulet "Mesinunt" {RegenMP Dex+5}
   (You found it in the Dungeon)

   [amulet of magic regeneration]

   It increases your rate of magic regeneration.
   Dex:       It affects your dexterity (+5).
 I - the ring of Sisomili {Ice rN+ Int+3 Slay+6}
   (You found it in the Dungeon)

   [ring of ice]

   It enhances your ice magic.
   Int:       It affects your intelligence (+3).
   Slay:      It affects your accuracy & damage with ranged weapons and melee
   (+6).
   rF:        It makes you vulnerable to fire.
   rC:        It protects you from cold.
   rN:        It protects you from negative energy.
Wands
 F - a wand of roots (1)
Scrolls
 j - 3 scrolls of blinking
 k - 2 scrolls of amnesia
 o - 2 scrolls of enchant weapon
 r - a scroll of immolation
 s - 3 scrolls of identify
 t - 4 scrolls of fear
 B - a scroll of vulnerability
Potions
 d - 2 potions of resistance
 e - 9 potions of curing
 f - 3 potions of brilliance
 h - 9 potions of magic
 i - a potion of invisibility
 n - 5 potions of haste
 w - 3 potions of berserk rage
 A - 2 potions of cancellation
 G - 2 potions of mutation
 L - 5 potions of heal wounds


   Skills:
 O Level 27 Fighting
 O Level 27 Maces & Flails
 O Level 27 Throwing
 O Level 27 Armour
 + Level 7.4 Dodging
 + Level 3.9 Stealth
 O Level 27 Shields
 O Level 27 Invocations
 + Level 21.5 Evocations


You had 18 spell levels left.
You didn't know any spells.
Your spell library contained the following spells:

 Spells                   Type           Power      Damage    Failure   Level
 Leda's Liquefaction      Hex/Erth       0%         N/A       100%        4
 Lee's Rapid Deconstruct  Erth           0%         3d5*      100%        5
 Statue Form              Tmut/Erth      Unusable   N/A       N/A         6

Dungeon Overview and Level Annotations

Branches:
Dungeon (1/1)

Altars:
Cheibriados
Dithmenos
Elyvilon
Fedhas
Gozag
Hepliaklqana
Kikubaaqudgha
Makhleb
Nemelex Xobeh
Okawaru
Qazlal
Ru
Sif Muna
Trog
Uskayaw
Vehumet
Wu Jian
Xom
Yredelemnul
Zin
The Shining One
Jiyva
Lugonu

Shops:
D (**:


Innate Abilities, Weirdness & Mutations

You are immune to sickness and miasma.
Your stone body is resilient. (AC +14)
You are immune to poison.
Your large and strong wings let you fly.
You resist negative energy. (rN+)
You are resistant to electric shocks. (rElec)
You are resistant to unholy torment.
You are immune to petrification.
You are frail. (-10% HP)
You occasionally lose the ability to read scrolls when taking damage.


Message History

You see here a moth of wrath corpse.
A moth of wrath comes into view.
An Orb Guardian comes into view.
The moth of wrath goads the Orb Guardian on!
The Orb Guardian goes berserk!
You see here the Orb of Zot.
You hit the Orb Guardian but do no damage.
You block the Orb Guardian's attack.
You whack the Orb Guardian!
You feel better.
The Orb Guardian is lightly wounded.
The Orb Guardian hits you but does no damage.
You thrash the Orb Guardian!!
The Orb Guardian is moderately wounded.
You block the Orb Guardian's attack. x2
You whack the Orb Guardian!
The Orb Guardian is moderately wounded.
You block the Orb Guardian's attack.
You completely miss the Orb Guardian.
The Orb Guardian is moderately wounded.
You block the Orb Guardian's attack.
You whack the Orb Guardian!
The Orb Guardian is heavily wounded.
The Orb Guardian hits you but does no damage.
You closely miss the Orb Guardian.
The Orb Guardian is heavily wounded.
The Orb Guardian hits you!!
* * * LOW HITPOINT WARNING * * *
You closely miss the Orb Guardian.
The Orb Guardian is heavily wounded.
The Orb Guardian hits you but does no damage.
The moth of wrath goads the Orb Guardian on!
The Orb Guardian goes berserk!
You punish the Orb Guardian, causing immense pain!!!
The Orb Guardian is severely wounded.
The Orb Guardian hits you!
* * * LOW HITPOINT WARNING * * *
You closely miss the Orb Guardian.
The Orb Guardian is severely wounded.
The Orb Guardian hits you!!!
You die...

▓......'....................
▓.▓▓▓▓▓▓▓▓▓▓▓▓▓▓▓▓▓▓▓▓▓▓▓▓▓▓
▓......[....................
▓▓▓▓▓▓▓▓▓▓▓▓▓▓▓▓▓▓▓▓▓▓▓▓▓▓▓▓
▓....'.....)...).)..)))).'..
▓.▓▓▓▓▓▓▓▓▓▓▓▓▓▓▓▓▓▓▓▓▓▓▓▓▓▓
▓...........................
▓▓▓▓▓▓▓▓▓▓▓▓▓▓▓▓▓▓▓▓▓▓▓▓▓▓▓▓
*,,+....yXX@.†....'.........
*,**▓▓▓▓▓▓▓▓▓▓▓▓▓▓▓▓▓▓▓▓▓▓▓▓
*,,,,,,,,,,,,,,,,,,,,,,,,,,,
****************************
*,,,,,+,,,,,,,,,,,,,,,,,,,+,
*,**************************
*,,,,,,,,,,,,,,,,,,,,,,,,,,,
****************************
*,,,,,,+,,,,,,,,,,,+,,,,,,,,


You could see 2 Orb Guardians and a moth of wrath.

Vanquished Creatures
  8 ancient liches (D)
  3 orbs of fire (D)
  Sojobo (D)
  Boris (D)
  Xtahua (D)
  A curse toe (D)
  4 golden dragons (D)
  Nikola (D)
  A bone dragon (D)
  Jory (D)
  3 electric golems (D)
  A lich (D)
  8 tentacled monstrosities (D)
  26 Orb Guardians (D)
  A quicksilver dragon (D)
  5 death cobs (D)
  2 sphinxes (D)
  7 shadow dragons (D)
  10 nagarajas (D)
  3 tengu reavers (D)
  A storm dragon (D)
  Ilsuiw (D)
  A fire giant (D)
  A draconian monk (D)
  6 emperor scorpions (D)
  3 frost giants (D)
  2 draconian scorchers (D)
  Aizul (D)
  Louise (D)
  3 vault wardens (D)
  A draconian shifter (D)
  5 ghost moths (D)
  A very ugly thing (D)
  An ironbound preserver (D)
  9 stone giants (D)
  A draconian annihilator (D)
  3 green draconians (D)
  2 ironbound thunderhulks (D)
  2 dire elephants (D)
  5 white draconians (D)
  2 bunyips (D)
  2 black draconians (D)
  4 yellow draconians (D)
  2 red draconians (D)
  Snorg (D)
  7 ettins (D)
  8 fire dragons (D)
  A deep elf high priest (D)
  5 merfolk javelineers (D)
  2 merfolk impalers (D)
  4 yaktaur captains (D)
  A rakshasa (D)
  An ice dragon (D)
  25 vault guards (D)
  A jorogumo (D)
  9 hydras (D)
  2 spriggan air magi (D)
  3 boulder beetles (D)
  Erica (D)
  A ghost crab (D)
  3 merfolk aquamancers (D)
  4 merfolk avatars (D)
  2 centaur warriors (D)
  3 ironbound frosthearts (D)
  2 naga warriors (D)
  3 tengu warriors (D)
  A deep troll shaman (D)
  2 death yaks (D)
  2 spriggan berserkers (D)
  2 shock serpents (D)
  Urug (D)
  Nergalle (D)
  A goliath frog (D)
  A sea snake (D)
  A glowing orange brain (D)
  A steelbarb worm (D)
  An orb spider (D)
  2 swamp dragons (D)
  3 wizards (D)
  A harpy (D)
  2 ironbound convokers (D)
  2 necromancers (D)
  A deep elf pyromancer (D)
  A phantasmal warrior (D)
  A lindwurm (D)
  A bog body (D)
  3 wolf spiders (D)
  An ugly thing (D)
  4 orc knights (D)
  A salamander (D)
  8 orc sorcerers (D)
  3 cyclopes (D)
  7 moths of wrath (D)
  An elephant (D)
  A merfolk siren (D)
  2 vault sentinels (D)
  4 black mambas (D)
  A water nymph (D)
  4 guardian serpents (D)
  4 cane toads (D)
  Psyche (D)
  A yaktaur (D)
  A rime drake (D)
  3 demonic crawlers (D)
  A merfolk (D)
  A troll (D)
  A polar bear (D)
  A meliai (D)
  A tarantella (shapeshifter) (D)
  A slime creature (D)
  A tyrant leech (D)
  2 snapping turtles (D)
  2 blink frogs (D)
  A slime creature (shapeshifter) (D)
  8 yaks (D)
  A culicivora (D)
  A wyvern (D)
  A wraith (D)
  A redback (D)
  A vampire mosquito (D)
  3 water moccasins (D)
  3 swamp drakes (D)
  8 orc warriors (D)
  2 centaurs (D)
  A black bear (D)
  A bullfrog (D)
  A scorpion (D)
  4 orc priests (D)
  A jelly (D)
  7 orc wizards (D)
  A shadow imp (D)
  10 orcs (D)
  A bat (D)
  An endoplasm (D)
  A frilled lizard (D)
  2 kobolds (D)
387 creatures vanquished.

Vanquished Creatures (others)
  2 hydras (D)
  A two-headed ogre (D)
  An alligator (D)
  2 trolls (D)
6 creatures vanquished.

Grand Total: 393 creatures vanquished

Notes
Turn   | Place    | Note
-------+----------+-------------------------------------------
     0 | D        | mhtbhm the Gargoyle Fighter began the quest for the Orb.
     0 | D        | Reached XP level 1. HP: 14/14 MP: 1/1
   119 | D        | Noticed a centaur
   119 | D        | Noticed a scorpion
   119 | D        | Noticed a jelly
   121 | D        | Killed a jelly
   122 | D        | Reached skill level 5 in Fighting
   122 | D        | Reached XP level 2. HP: 15/21 MP: 2/2
   122 | D        | Reached XP level 3. HP: 19/26 MP: 3/3
   123 | D        | Killed a scorpion
   124 | D        | Reached skill level 5 in Armour
   124 | D        | Reached skill level 5 in Shields
   124 | D        | Reached XP level 4. HP: 24/32 MP: 4/4
   131 | D        | Killed a centaur
   132 | D        | Reached skill level 5 in Maces & Flails
   132 | D        | Reached XP level 5. HP: 21/38 MP: 5/5
   163 | D        | Found a snail-covered altar of Cheibriados.
   163 | D        | Found a shadowy altar of Dithmenos.
   163 | D        | Found a white marble altar of Elyvilon.
   163 | D        | Found a blossoming altar of Fedhas.
   163 | D        | Found an opulent altar of Gozag.
   164 | D        | Found a hazy altar of Hepliaklqana.
   165 | D        | Found a viscous altar of Jiyva.
   166 | D        | Found an ancient bone altar of Kikubaaqudgha.
   167 | D        | Found a corrupted altar of Lugonu.
   168 | D        | Found a burning altar of Makhleb.
   169 | D        | Found a sparkling altar of Nemelex Xobeh.
   170 | D        | Found an iron altar of Okawaru.
   171 | D        | Found a stormy altar of Qazlal.
   172 | D        | Found a sacrificial altar of Ru.
   173 | D        | Found a shimmering blue altar of Sif Muna.
   184 | D        | Found a bloodstained altar of Trog.
   185 | D        | Found a hide-covered altar of Uskayaw.
   186 | D        | Found a radiant altar of Vehumet.
   187 | D        | Found an ornate altar of the Wu Jian Council.
   188 | D        | Became a worshipper of Warmaster Okawaru
   189 | D        | Found a shimmering altar of Xom.
   190 | D        | Found a basalt altar of Yredelemnul.
   191 | D        | Found a glowing silver altar of Zin.
   192 | D        | Found a glowing golden altar of the Shining One.
   366 | D        | Noticed a two-headed ogre
   366 | D        | Noticed a centaur
   366 | D        | Noticed a troll
   366 | D        | Noticed an orc warrior
   366 | D        | Noticed a troll
   366 | D        | Noticed a troll
   378 | D        | Killed a troll
   379 | D        | Reached XP level 6. HP: 30/44 MP: 6/6
   382 | D        | Killed a troll
   385 | D        | Killed an orc warrior
   386 | D        | Reached XP level 7. HP: 25/50 MP: 7/7
   388 | D        | Killed a troll
   391 | D        | Killed a two-headed ogre
   394 | D        | Reached * piety under Okawaru
   395 | D        | Reached skill level 10 in Maces & Flails
   554 | D        | Noticed a cyclops
   554 | D        | Noticed a centaur warrior
   554 | D        | Noticed a vampire mosquito
   554 | D        | Noticed a deep elf pyromancer
   554 | D        | Noticed a wraith
   554 | D        | Noticed a centaur warrior
   561 | D        | Killed a centaur warrior
   561 | D        | Reached ** piety under Okawaru
   562 | D        | Reached skill level 10 in Fighting
   562 | D        | Reached skill level 1 in Dodging
   562 | D        | Reached XP level 8. HP: 55/58 MP: 7/11
   569 | D        | Killed a deep elf pyromancer
   569 | D        | Reached *** piety under Okawaru
   570 | D        | Reached skill level 5 in Invocations
   570 | D        | Reached XP level 9. HP: 48/63 MP: 7/12
   583 | D        | Reached skill level 10 in Shields
   590 | D        | Killed a centaur warrior
   591 | D        | Reached skill level 1 in Evocations
   598 | D        | Killed a cyclops
   598 | D        | Reached **** piety under Okawaru
   828 | D        | Noticed a cane toad
   831 | D        | Noticed a cane toad
   843 | D        | Noticed a polar bear
   847 | D        | Killed a cane toad
   848 | D        | Reached XP level 10. HP: 53/71 MP: 15/15
   852 | D        | Reached ***** piety under Okawaru
   853 | D        | Reached skill level 1 in Stealth
   864 | D        | Reached skill level 15 in Maces & Flails
   869 | D        | Killed a cane toad
  1218 | D        | Noticed an elephant
  1218 | D        | Noticed a cane toad
  1218 | D        | Noticed a black mamba
  1219 | D        | Noticed a cane toad
  1237 | D        | Killed a black mamba
  1245 | D        | Killed a cane toad
  1246 | D        | Reached skill level 10 in Armour
  1252 | D        | Killed an elephant
  1252 | D        | Received a gift from Okawaru
  1252 | D        | Found the +3 warlock's mirror {reflect}
  1262 | D        | Killed a cane toad
  1290 | D        | Reached skill level 10 in Invocations
  1290 | D        | Reached XP level 11. HP: 54/77 MP: 18/18
  1404 | D        | Noticed a death yak
  1404 | D        | Noticed a death yak
  1414 | D        | Killed a death yak
  1424 | D        | Killed a death yak
  1508 | D        | Noticed Psyche
  1529 | D        | Killed Psyche
  1599 | D        | Noticed Erica
  1612 | D        | Killed Erica
  1728 | D        | Noticed an orc sorcerer
  1740 | D        | Killed an orc sorcerer
  1845 | D        | Noticed an orc knight
  1845 | D        | Noticed an orc knight
  1856 | D        | Killed an orc knight
  1856 | D        | Received a gift from Okawaru
  2029 | D        | Killed an orc knight
  2133 | D        | Noticed an orc knight
  2151 | D        | Killed an orc knight
  2151 | D        | Reached ****** piety under Okawaru
  2154 | D        | Received a gift from Okawaru
  2390 | D        | Found Lyudygun's Book Boutique.
  2390 | D        | Noticed an orc sorcerer
  2390 | D        | Noticed an orc sorcerer
  2391 | D        | Noticed an orc sorcerer
  2393 | D        | Killed an orc sorcerer
  2393 | D        | Noticed an orc sorcerer
  2406 | D        | Killed an orc sorcerer
  2407 | D        | Reached skill level 15 in Fighting
  2414 | D        | Paralysed by an orc sorcerer for 3 turns
  2418 | D        | Killed an orc sorcerer
  2418 | D        | Killed an orc sorcerer
  2419 | D        | Reached XP level 12. HP: 86/88 MP: 21/21
  2419 | D        | Found Raheepp's Assorted Antiques.
  2423 | D        | Found Ingosk's Assorted Antiques.
  2446 | D        | Found Oxkecsao's Antique Weapon Shop.
  2459 | D        | Noticed a sun demon
  2527 | D        | Bought the +3 pair of gauntlets of War {Slay+5} for 950
                  | gold pieces
  2527 | D        | Found the +3 pair of gauntlets of War {Slay+5}
  2538 | D        | Bought a green potion for 20 gold pieces
  2538 | D        | Bought a scroll labelled QOULA QUJAZI for 23 gold pieces
  2538 | D        | Bought a scroll of fog for 92 gold pieces
  2543 | D        | Bought a scroll labelled FUOFRAK UTSUG for 20 gold pieces
  2543 | D        | Bought a potion of curing for 60 gold pieces
  2552 | D        | Bought a book of the Earth for 396 gold pieces
  2610 | D        | Noticed Urug
  2623 | D        | Killed Urug
  2743 | D        | Noticed a fire dragon
  2743 | D        | Noticed a four-headed hydra
  2743 | D        | Noticed a boulder beetle
  2772 | D        | Noticed a stone giant
  2778 | D        | Killed a boulder beetle
  2783 | D        | Killed a four-headed hydra
  2786 | D        | Noticed a stone giant
  2795 | D        | Noticed a stone giant
  2799 | D        | Killed a fire dragon
  2799 | D        | Identified the +1 acid dragon scales "Byciutim" {-Cast
                  | rPois rC+ rN+ rCorr} (Okawaru gifted it to you in the
                  | Dungeon)
  2799 | D        | Received a gift from Okawaru
  2810 | D        | Noticed an ice dragon
  2812 | D        | Killed a stone giant
  2813 | D        | Noticed a tengu warrior
  2957 | D        | Killed a stone giant
  3153 | D        | Killed a stone giant
  3270 | D        | Killed an ice dragon
  3308 | D        | Killed a tengu warrior
  3316 | D        | Reached XP level 13. HP: 75/96 MP: 23/23
  3485 | D        | Noticed Aizul
  3502 | D        | Killed Aizul
  3502 | D        | Received a gift from Okawaru
  3563 | D        | Noticed a nagaraja
  3578 | D        | Killed a nagaraja
  3579 | D        | Reached skill level 15 in Invocations
  3646 | D        | Noticed a bunyip
  3650 | D        | Received a gift from Okawaru
  3663 | D        | Killed a bunyip
  3665 | D        | Noticed a bunyip
  3684 | D        | Killed a bunyip
  3685 | D        | Reached skill level 15 in Armour
  3832 | D        | Noticed a merfolk javelineer
  3845 | D        | Reached skill level 5 in Dodging
  3845 | D        | Reached skill level 15 in Shields
  3861 | D        | Killed a merfolk javelineer
  3881 | D        | Received a gift from Okawaru
  4019 | D        | Noticed Snorg
  4037 | D        | Killed Snorg
  4052 | D        | Noticed Nergalle
  4066 | D        | Killed Nergalle
  4067 | D        | Gained mutation: Your large and strong wings let you fly.
                  | [Gargoyle growth]
  4067 | D        | Reached XP level 14. HP: 102/106 MP: 26/26
  4101 | D        | Noticed a stone giant
  4101 | D        | Noticed a fire giant
  4101 | D        | Noticed a frost giant
  4101 | D        | Noticed a stone giant
  4101 | D        | Noticed a purple very ugly thing
  4108 | D        | Killed a purple very ugly thing
  4114 | D        | Killed a stone giant
  4115 | D        | Noticed a stone giant
  4125 | D        | Killed a frost giant
  4358 | D        | Noticed a sphinx
  4363 | D        | Killed a fire giant
  4373 | D        | Killed a stone giant
  4400 | D        | Killed a stone giant
  4409 | D        | HP: 5/107 [ettin/+0 dire flail (15)]
  4428 | D        | Killed a sphinx
  4428 | D        | Identified the +1 cloak "Ahoh" {rElec Will+ Dex+6} (Okawaru
                  | gifted it to you in the Dungeon)
  4428 | D        | Received a gift from Okawaru
  4452 | D        | Noticed a stone giant
  5189 | D        | Killed a stone giant
  5244 | D        | Noticed a dire elephant
  5244 | D        | Noticed an ironbound preserver
  5244 | D        | Noticed a dire elephant
  5261 | D        | Killed a dire elephant
  5275 | D        | Killed an ironbound preserver
  5301 | D        | Killed a dire elephant
  5317 | D        | Noticed a sphinx
  5326 | D        | Received a gift from Okawaru
  5335 | D        | Noticed a vault warden
  5340 | D        | Noticed a vault warden
  5346 | D        | Killed a sphinx
  5360 | D        | Killed a vault warden
  5364 | D        | Noticed an ironbound thunderhulk
  5379 | D        | Killed a vault warden
  5401 | D        | Noticed an ironbound thunderhulk
  5414 | D        | Killed an ironbound thunderhulk
  5437 | D        | Received a gift from Okawaru
  5438 | D        | Reached XP level 15. HP: 115/115 MP: 28/28
  5622 | D        | Noticed Louise
  5635 | D        | Killed Louise
  5715 | D        | Noticed Jory
  5754 | D        | Killed Jory
  6114 | D        | Found the +8 trishula "Condemnation" {holy, anguish, *Noise
                  | Fly rN+}
  6260 | D        | Noticed Sojobo
  6261 | D        | Noticed a tengu reaver
  6261 | D        | Noticed a tengu reaver
  6292 | D        | Killed Sojobo
  6297 | D        | Killed a tengu reaver
  6310 | D        | Killed a tengu reaver
  6426 | D        | Noticed a nagaraja
  6426 | D        | Noticed a nagaraja
  6426 | D        | Noticed a nagaraja
  6438 | D        | Noticed a nagaraja
  6441 | D        | Killed a nagaraja
  6441 | D        | Identified the +5 mace of the Ghost {holy, Int+5 Stlth+}
                  | (Okawaru gifted it to you in the Dungeon)
  6441 | D        | Received a gift from Okawaru
  6444 | D        | Noticed a nagaraja
  6449 | D        | Killed a nagaraja
  6462 | D        | Noticed a nagaraja
  6466 | D        | Killed a nagaraja
  6467 | D        | Noticed a nagaraja
  6468 | D        | Noticed a nagaraja
  6475 | D        | Killed a nagaraja
  6815 | D        | Killed a nagaraja
  6821 | D        | Killed a nagaraja
  6838 | D        | Killed a nagaraja
  6852 | D        | Killed a nagaraja
  6858 | D        | Received a gift from Okawaru
  6892 | D        | Noticed a nagaraja
  6904 | D        | Killed a nagaraja
  6919 | D        | Got a serpentine rune of Zot
  6998 | D        | Got a decaying rune of Zot
  7022 | D        | Noticed Ilsuiw
  7058 | D        | Received a gift from Okawaru
  7075 | D        | Reached XP level 16. HP: 127/127 MP: 30/30
  7110 | D        | Killed Ilsuiw
  7274 | D        | Got a gossamer rune of Zot
  7289 | D        | Got a barnacled rune of Zot
  7420 | D        | Noticed Xtahua
  7434 | D        | Killed Xtahua
  7434 | D        | Received a gift from Okawaru
  7746 | D        | Noticed a lich
  7750 | D        | Identified the +1 steam dragon scales of the Unbroken {+Inv
                  | rN++ Str-3 Int+4} (Okawaru gifted it to you in the Dungeon)
  7750 | D        | Received a gift from Okawaru
  7762 | D        | Noticed a tengu reaver
  7783 | D        | Killed a lich
  7784 | D        | Reached skill level 27 in Fighting
  7784 | D        | Noticed a shadow dragon
  7811 | D        | Noticed a shadow dragon
  7822 | D        | Killed a tengu reaver
  7827 | D        | Reached XP level 17. HP: 29/139 MP: 33/33
  7878 | D        | Reached skill level 27 in Maces & Flails
  8120 | D        | Noticed an ancient lich
  8131 | D        | Killed an ancient lich
  8132 | D        | Noticed a tentacled monstrosity
  8190 | D        | Killed a tentacled monstrosity
  8191 | D        | Reached skill level 1 in Throwing
  8248 | D        | Identified the +4 dire flail of Circularity {freeze, rElec
                  | Dex+2} (Okawaru gifted it to you in the Dungeon)
  8248 | D        | Received a gift from Okawaru
  8249 | D        | Identified the +8 mace of Anger {freeze, rPois Will+ Str-4
                  | SInv}
  8253 | D        | Got a silver rune of Zot
  8595 | D        | Noticed Nikola
  8612 | D        | Killed Nikola
  8674 | D        | Got the amulet of the Castellan {-Tele rC+ Will+ Regen+
                  | Slay+3}
  8676 | D        | Got the ring of Gasmomp {rN++ Slay+3}
  8678 | D        | Got the amulet "Lekloidi" {Drain rPois Regen+ Int+9}
  8680 | D        | Got the amulet "Mesinunt" {RegenMP Dex+5}
  8682 | D        | Got the ring of Sisomili {Ice rN+ Int+3 Slay+6}
  8683 | D        | Found the +5 sword of Power {vorpal}
  8783 | D        | Noticed Boris
  8798 | D        | Killed Boris
  8865 | D        | Noticed a golden dragon
  8877 | D        | Killed a golden dragon
  8934 | D        | Noticed a golden dragon
  8939 | D        | Received a gift from Okawaru
  8940 | D        | Noticed a bone dragon
  8976 | D        | Killed a bone dragon
  8983 | D        | Killed a golden dragon
  8984 | D        | Reached skill level 27 in Invocations
  9018 | D        | Reached skill level 27 in Shields
  9056 | D        | Noticed a tentacled monstrosity
  9056 | D        | Noticed a tentacled monstrosity
  9059 | D        | Noticed a tentacled monstrosity
  9075 | D        | Killed a tentacled monstrosity
  9097 | D        | Killed a tentacled monstrosity
  9097 | D        | Identified the +1 robe "Besta" {rF+} (Okawaru gifted it to
                  | you in the Dungeon)
  9097 | D        | Received a gift from Okawaru
  9108 | D        | Killed a tentacled monstrosity
  9223 | D        | Noticed a death cob
  9227 | D        | Noticed a death cob
  9245 | D        | Reached XP level 18. HP: 145/145 MP: 14/35
  9248 | D        | Reached skill level 27 in Armour
  9315 | D        | Noticed a tentacled monstrosity
  9315 | D        | Noticed a golden dragon
  9315 | D        | Noticed a curse toe
  9337 | D        | Killed a curse toe
  9338 | D        | Reached skill level 10 in Evocations
  9343 | D        | Killed a golden dragon
  9350 | D        | Killed a tentacled monstrosity
  9515 | D        | Noticed a golden dragon
  9516 | D        | Noticed an orb of fire
  9522 | D        | Noticed a tentacled monstrosity
  9544 | D        | Killed an orb of fire
  9810 | D        | Killed a golden dragon
  9811 | D        | Reached skill level 10 in Throwing
  9818 | D        | Killed a tentacled monstrosity
  9818 | D        | Received a gift from Okawaru
  9958 | D        | Noticed an Orb Guardian
  9958 | D        | Noticed an Orb Guardian
  9958 | D        | Noticed an Orb Guardian
  9958 | D        | Noticed an Orb Guardian
  9958 | D        | Noticed an Orb Guardian
  9958 | D        | Noticed an Orb Guardian
  9967 | D        | Killed an Orb Guardian
  9976 | D        | Killed an Orb Guardian
  9983 | D        | Killed an Orb Guardian
  9989 | D        | Killed an Orb Guardian
  9990 | D        | Noticed an Orb Guardian
  9996 | D        | Killed an Orb Guardian
 10000 | D        | Killed an Orb Guardian
 10008 | D        | Killed an Orb Guardian
 10009 | D        | Reached skill level 15 in Throwing
 10009 | D        | Noticed an Orb Guardian
 10012 | D        | Noticed an Orb Guardian
 10019 | D        | Killed an Orb Guardian
 10019 | D        | Received a gift from Okawaru
 10020 | D        | Noticed an Orb Guardian
 10027 | D        | Killed an Orb Guardian
 10034 | D        | Killed an Orb Guardian
 10090 | D        | Noticed a quicksilver dragon
 10090 | D        | Noticed a tentacled monstrosity
 10090 | D        | Noticed an Orb Guardian
 10090 | D        | Noticed an Orb Guardian
 10090 | D        | Noticed a tentacled monstrosity
 10091 | D        | Noticed an Orb Guardian
 10098 | D        | Killed a tentacled monstrosity
 10099 | D        | Noticed an Orb Guardian
 10120 | D        | Killed a tentacled monstrosity
 10121 | D        | Reached skill level 15 in Evocations
 10130 | D        | Killed an Orb Guardian
 10141 | D        | Killed an Orb Guardian
 10147 | D        | Killed a quicksilver dragon
 10153 | D        | Killed an Orb Guardian
 10162 | D        | Killed an Orb Guardian
 10166 | D        | Noticed an ancient lich
 10175 | D        | Killed an ancient lich
 10189 | D        | Noticed an orb of fire
 10200 | D        | Gained mutation: You are frail. (-10% HP) [an orb of fire]
 10224 | D        | Killed an orb of fire
 10403 | D        | Noticed an electric golem
 10419 | D        | Killed an electric golem
 10510 | D        | Noticed an ancient lich
 10510 | D        | Noticed an ancient lich
 10510 | D        | Noticed an electric golem
 10510 | D        | Noticed an Orb Guardian
 10510 | D        | Noticed an ancient lich
 10515 | D        | Reached XP level 19. HP: 135/135 MP: 36/36
 10515 | D        | Noticed an ancient lich
 10519 | D        | Noticed an orb of fire
 10524 | D        | Noticed an ancient lich
 10526 | D        | Killed an ancient lich
 10526 | D        | Received a gift from Okawaru
 10538 | D        | Killed an ancient lich
 10550 | D        | Killed an ancient lich
 10558 | D        | Killed an electric golem
 10565 | D        | Killed an ancient lich
 10568 | D        | Gained mutation: You occasionally lose the ability to read
                  | scrolls when taking damage. [an orb of fire]
 10584 | D        | Killed an orb of fire
 10585 | D        | Noticed an electric golem
 11199 | D        | Killed an ancient lich
 11199 | D        | Received a gift from Okawaru
 11238 | D        | Killed an electric golem
 11253 | D        | Noticed an ancient lich
 11268 | D        | Killed an ancient lich
 11268 | D        | Identified the +10 flail "Tuledu" {antimagic, Will+}
                  | (Okawaru gifted it to you in the Dungeon)
 11268 | D        | Received a gift from Okawaru
 11595 | D        | Reached skill level 27 in Throwing
 11661 | D        | Mangled by an Orb Guardian

Illustrated notes

Levels and vault maps discovered:
D:        linesprint [early_d, line_temple, items_1, d_10, items_2, lair_1,
          lair_end, items_3, orc_1, orc_end, items_4, d_15, swamp_1, shoals_1,
          snake_1, spider_1, d_20, vaults_1, items_5, swamp_end, shoals_end,
          snake_end, spider_end, vaults_end, d_27, items_6, zot_1, zot_end,
          crypt_end, forest_end, elf_end, slime_end, tomb_end, abyss_end,
          pan_hell_end]

Skill      XL: |  1  2  3  4  5  6  7  8  9 10 11 12 13 14 15 16 17 18 19 |
---------------+----------------------------------------------------------+-----
Fighting       | 5 6 7 8 10 11 12 15 17 19 21 24 27 | 27.0
Maces & Flails | 3 4 5 7 8 11 12 14 16 18 19 21 22 24 26 27 | 27.0
Armour         | 4 5 6 7 8 9 10 12 13 15 17 20 21 26 27 | 27.0
Shields        | 4 5 6 7 8 9 10 11 12 13 16 17 19 22 27 | 27.0
Dodging        | 1 2 3 5 7 |  7.4
Invocations    | 4 5 7 10 12 14 16 19 21 24 27 | 27.0
Evocations     | 1 2 3 16 21 | 21.5
Stealth        | 1 2 3 |  3.9
Throwing       | 2 20 27 | 27.0

Action                   |  1- 3 |  4- 6 |  7- 9 | 10-12 | 13-15 | 16-18 | 19-21 || total
-------------------------+-------+-------+-------+-------+-------+-------+-------++-------
Melee: Flail             |    12 |     7 |       |       |       |       |       ||    19
       Morningstar       |       |     8 |    64 |   323 |    10 |       |       ||   405
       Demon whip        |       |       |       |   156 |   885 |  1115 |   221 ||  2377
Throw: Boomerang         |       |       |       |       |       |     1 |       ||     1
       Javelin           |       |       |       |       |       |     4 |       ||     4
Evoke: Wand              |       |     1 |     2 |       |     4 |     1 |     1 ||     9
  Use: Potion            |     1 |     4 |     1 |     2 |     7 |     2 |     1 ||    18
       Scroll            |       |       |       |     6 |    17 |     4 |       ||    27
 Stab: Invisible         |       |       |     1 |       |       |       |       ||     1
       Paralysed         |       |       |       |       |     1 |       |       ||     1
       Confused          |       |       |       |       |     1 |       |       ||     1
Armor: Scale mail        |     6 |     3 |       |       |       |       |       ||     9
       Plate armour      |       |    10 |    42 |   128 |       |       |       ||   180
       Skin              |       |       |       |     2 |       |       |       ||     2
       Chain mail        |       |       |       |    55 |   212 |       |       ||   267
       Gold dragon scale |       |       |       |       |   143 |   533 |   133 ||   809
Dodge: Dodged            |       |     8 |    25 |    93 |   198 |   183 |    37 ||   544
       Repelled          |       |       |       |       |    12 |     4 |     3 ||    19
Block: Buckler           |     3 |     8 |    13 |   102 |   285 |   339 |    74 ||   824
       Reflection        |       |       |       |     7 |    27 |    26 |     6 ||    66

Table legend: (Time is in decaauts) A = Elapsed time spent in this place. B = Non-inter-level travel time spent in this place. C = Inter-level travel time spent in this place. D = Time resting spent in this place. E = Time spent auto-exploring this place. F = Levels seen in this place. G = Mean time per level. A B C D E F G +--------+--------+--------+--------+--------+-----+--------+ Total | 10393 | 10393 | 0 | 2685 | 3216 | 1 | 10393.0 | Dungeon | 10393 | 10393 | 0 | 2685 | 3216 | 1 | 10393.0 | +--------+--------+--------+--------+--------+-----+--------+

Top non-repeatable levels by time:
       D: 10393 daAuts
